 Dungeon Crawl Stone Soup version 0.30-a0-358-g0d69a1922f (webtiles) character file.

Game seed: 4832486072760608319

116552 retardedninja the Severer (level 16, -4/235 HPs)
             Began as a Hill Orc Fighter on Nov 10, 2022.
             Was an Initiate of Gozag.
             Splashed by a goliath frog's acid (6 damage)
             ... on level 4 of the Swamp.
             The game lasted 00:49:53 (36715 turns).

retardedninja the Severer (Hill Orc Fighter)       Turns: 36715, Time: 00:49:54

Health: -4/235     AC: 32    Str: 31    XL:     16   Next: 71%
Magic:  16/16      EV:  2    Int:  3    God:    Gozag
Gold:   6787       SH: 24    Dex: 14    Spells: 15/15 levels left

rFire   + . .      SeeInvis +    a - +3 war axe (flame)
rCold   x . .      Faith    .    m - +5 kite shield "Eckuf" {Str+2}
rNeg    + + .      Spirit   .    (body armour currently unavailable)
rPois   +          Reflect  +    (helmet currently unavailable)
rElec   .          Harm     .    (cloak currently unavailable)
rCorr   .          Rampage  .    (gloves currently unavailable)
Will    ++...      NoTele   +    (boots currently unavailable)
Stlth   +.........               C - amulet of Vaolu {Reflect rN++ Will+ SH+5}
HPRegen 0.59/turn                G - ring of Riaceyfe {Fire +Blink rPois Str+2}
MPRegen 0.15/turn                x - ring of Casieju {Fly AC+4 Int-5 Dex+4 SInv}

@: tree-form (expiring), attractive, slowed, unable to read, very slow
A: stationary, stasis, torment immunity, boosted hp, (poison resistance), (heat
vulnerability 1), inability to read after injury 1
a: Renounce Religion, Evoke Blink, Potion Petition, Call Merchant, Bribe Branch


You were on level 4 of the Swamp.
You worshipped Gozag.
Gozag was greatly pleased with you.
You were a tree.
You visited 5 branches of the dungeon, and saw 25 of its levels.
You also visited: Sewer and Ossuary.

You collected 9182 gold pieces.
You spent 1551 gold pieces at shops.
You paid 844 gold pieces to Gozag.

Inventory:

Hand Weapons
 a - a +3 war axe of flaming (weapon)
Missiles
 D - 13 javelins
 F - 4 silver javelins
Armour
 h - a +0 helmet (melded)
 m - the +5 kite shield "Eckuf" (worn) {Str+2}
   (You bought it in a shop on level 2 of the Orcish Mines)

   Str:       It affects your strength (+2).
 s - a +2 cloak (melded)
 w - the +1 Delatra's gloves (melded) {ID++}
   (You found it on level 4 of the Dungeon)

   It heals its wearer when they drink unknown potions.
   It restores its wearer's MP when they read unknown scrolls.
 y - a +0 pair of boots (melded)
 T - a +5 plate armour of poison resistance (melded)
Jewellery
 r - a ring of wizardry
 x - the ring of Casieju (right branch) {Fly AC+4 Int-5 Dex+4 SInv}
   (You took it off a gnoll sergeant on level 8 of the Dungeon)

   [ring of protection]

   AC:        It affects your AC (+4).
   Int:       It affects your intelligence (-5).
   Dex:       It affects your dexterity (+4).
   SInv:      It lets you see invisible.
   Fly:       It grants you flight.
 C - the amulet of Vaolu (around neck) {Reflect rN++ Will+ SH+5}
   (You bought it in a shop on level 7 of the Dungeon)

   [amulet of reflection]

   It reflects blocked missile attacks.
   rN:        It greatly protects you from negative energy.
   SH:        It affects your SH (+5).
   Will:      It increases your willpower.
 G - the ring of Riaceyfe (left branch) {Fire +Blink rPois Str+2}
   (You took it off a deep elf pyromancer on level 8 of the Dungeon)

   [ring of fire]

   It enhances your fire magic.
   Str:       It affects your strength (+2).
   rF:        It protects you from fire.
   rC:        It makes you vulnerable to cold.
   rPois:     It protects you from poison.
   +Blink:    It lets you blink.
Wands
 b - a wand of iceblast (23) (quivered)
 d - a wand of flame (32)
 g - a wand of digging (6)
 o - a wand of acid (6)
 E - a wand of polymorph (10)
 H - a wand of mindburst (21)
 L - a wand of charming (14)
Scrolls
 c - a scroll of fear
 e - 5 scrolls of magic mapping
 k - 18 scrolls of identify
 p - 7 scrolls of teleportation
 u - 6 scrolls of butterflies
 B - 3 scrolls of amnesia
 O - a scroll of summoning
 S - a scroll of silence
 X - 2 scrolls of poison
Potions
 i - 2 potions of might
 j - 9 potions of curing
 l - 5 potions of brilliance
 n - 2 potions of magic
 q - 2 potions of flight
 v - 2 potions of lignification
 z - 5 potions of mutation
 A - 8 potions of ambrosia
 N - a potion of haste
 R - a potion of attraction
Miscellaneous
 f - a box of beasts
 V - a lightning rod (4/4)
 Y - a phantom mirror


   Skills:
 + Level 17.9 Fighting
 + Level 19.2 Axes
 + Level 16.5 Armour
 + Level 16.5 Shields


You had 15 spell levels left.
You didn't know any spells.
Your spell library contained the following spells:

 Spells                   Type           Power      Damage    Failure   Level
 Necrotise                Necr           0%         1d4       69%         1
 Sandblast                Erth           0%         2d4       69%         1
 Cigotuvi's Dreadful Rot  Necr/Pois/Air  0%         N/A       83%         2
 Passwall                 Tmut/Erth      0%         N/A       83%         2
 Poisonous Vapours        Pois/Air       0%         N/A       83%         2
 Gell's Gravitas          Tloc           0%         N/A       96%         3
 Kindle Blastsparks       Fire/Tloc/Air  0%         2d10      96%         3
 Lesser Beckoning         Tloc           0%         N/A       96%         3
 Mephitic Cloud           Conj/Pois/Air  0%         N/A       96%         3
 Stone Arrow              Conj/Erth      0%         3d7       96%         3
 Teleport Other           Tloc           0%         N/A       96%         3
 Tukima's Dance           Hex            0%         N/A       96%         3
 Vampiric Draining        Necr           0%         2d6       96%         3
 Anguish                  Hex/Necr       0%         N/A       100%        4
 Cause Fear               Hex            0%         N/A       100%        4
 Fulminant Prism          Conj/Hex       0%         3d5       100%        4
 Iskenderun's Mystic Bla  Conj/Tloc      0%         2d3       100%        4
 Passage of Golubria      Tloc           0%         N/A       100%        4
 Petrify                  Tmut/Erth      0%         N/A       100%        4
 Agony                    Necr           0%         N/A       100%        5
 Lee's Rapid Deconstruct  Erth           0%         3d4*      100%        5
 Metabolic Englaciation   Hex/Ice        0%         N/A       100%        5
 Yara's Violent Unravell  Hex/Tmut       0%         3d3       100%        5
 Statue Form              Tmut/Erth      0%         N/A       100%        6
 Dragon Form              Tmut           0%         N/A       100%        7
 Enfeeble                 Hex            0%         N/A       100%        7
 Dragon's Call            Summ           0%         N/A       100%        9


Dungeon Overview and Level Annotations

Branches:
Dungeon (13/15)            Temple (1/1) D:5            Lair (5/5) D:10
  Swamp (4/4) Lair:2       Spider (0/4) Lair:2        Slime (0/5) Lair:5
    Orc (2/2) D:9             Elf (0/3) Orc:2         Sewer (visited)
Ossuary (visited)
 Vaults: D:13-14

Altars:
Elyvilon
Gozag
Hepliaklqana
Uskayaw
Vehumet
Yredelemnul
Zin
The Shining One
Beogh
Jiyva

Shops:
D:7 :=   D:9 =   D:12 :   Orc:2 (*[:   Lair:3 [

Portals:
Trove: D:13 (give +3 storm dragon scales)

Annotations:
D:4 2 transporters, Darkkill's ghost, amateur MiHu
D:7 2 transporters, RascalDebosk's ghost, novice DjEE


Innate Abilities, Weirdness & Mutations

You are a tree.
Your roots penetrate the ground, keeping you stationary.
You cannot be teleported.
You are immune to unholy pain and torment.
Your maximum health is greatly increased.
Your equipment is partially melded.
((Your system is resistant to poisons. (rPois)))
((You are vulnerable to heat. (rF-)))
You occasionally lose the ability to read scrolls when taking damage.


Message History

You are splashed with acid!
* * * LOW HITPOINT WARNING * * *
You slash the goliath frog! You burn the goliath frog.
The goliath frog is moderately wounded.
You block the goliath frog's attack. x2
You slash the goliath frog! You burn the goliath frog.
The goliath frog is heavily wounded.
The goliath frog hits you.
* * * LOW HITPOINT WARNING * * *
You are splashed with acid.
* * * LOW HITPOINT WARNING * * *
You feel better.
The goliath frog hits you but does no damage.
You block the goliath frog's attack.
You barely miss the goliath frog.
The goliath frog is heavily wounded.
You block the goliath frog's attack.
You slash the goliath frog! You burn the goliath frog.
The goliath frog is severely wounded.
You block the goliath frog's attack. x2
You hit the goliath frog. You burn the goliath frog.
The goliath frog is severely wounded.
Your transformation is almost over.
You block the goliath frog's attack.
You miss the goliath frog.
The goliath frog is severely wounded.
You block the goliath frog's attack. x2
You closely miss the goliath frog.
The goliath frog is severely wounded.
The goliath frog hits you!
* * * LOW HITPOINT WARNING * * *
You are splashed with acid!
* * * LOW HITPOINT WARNING * * *
You slash the goliath frog! You burn the goliath frog.
The goliath frog is almost dead.
You block the goliath frog's attack. The goliath frog hits you!
* * * LOW HITPOINT WARNING * * *
You are splashed with acid.
You die...
Your body crumbles into a pile of gold.

~.. ~♣♣♣♣ ♣~(♣
.~§~♣♣ ♣~~♣ §.../♣
♣.♣♣♣§.~§.♣
#♣~.♣§§~§~~♣
♣~~~..~~~!~♣
#♣~~~~~~~~§♣♣♣
#♣~~..~~~~~..~♣
#♣♣~~~.~♣F~~~§~~.
♣♣~~.~~.$§§~~~~~~~
~.§...~~<~~~~~~~~~
~~..~.~♣...~.~...♣
..~~~.~~..$♣.~~.♣♣
$
~.~~~?♣~...♣♣♣♣~.♣
♣♣~~~♣♣♣~..♣ <..
♣♣♣♣ ♣♣♣~♣ ♣♣


You could see a goliath frog.

Vanquished Creatures
  Gastronok (D:8)
  A thorn hunter (Swamp:3)
  An orc warlord (Orc:1)
  An eleionoma (Swamp:1)
  3 bunyips
  A fire dragon (Lair:5)
  Josephine (Orc:1)
  Erolcha (D:12)
  13 hydras
  2 catoblepae
  7 alligators
  2 centaur warriors
  4 two-headed ogres
  2 tengu warriors
  Urug (Orc:2)
  5 spriggans
  5 death yaks (Lair:1)
  2 orc high priests
  Sonja (Lair:3)
  5 goliath frogs
  A death drake (shapeshifter) (D:12)
  5 spriggan druids
  2 lindwurms
  4 bog bodies
  2 swamp dragons
  2 deep elf pyromancers
  2 oklob plants
  3 orc knights (Orc:2)
  4 orc sorcerers (Orc:2)
  2 wolf spiders (Lair:5)
  3 ugly things
  2 manticores
  3 will-o-the-wisps
  A cyclops (Orc:2)
  The ghost of Maxmaps the Cudgeller, a novice OgMo (D:5)
  15 black mambas
  A guardian serpent (Lair:5)
  12 elephants (Lair:5)
  8 torpor snails
  4 gargoyles
  16 cane toads
  Psyche (D:9)
  6 komodo dragons
  3 unseen horrors
  3 rime drakes
  A tengu conjurer (D:13)
  6 kobold demonologists
  A queen bee (shapeshifter) (D:13)
  14 tyrant leeches
  3 polar bears (Lair:4)
  7 trolls
  4 meliai
  16 hornets
  A queen bee (D:9)
  6 slime creatures
  13 blink frogs
  4 dream sheep (Lair:5)
  5 wraiths
  Sigmund (D:2)
  A vampire (D:11)
  13 wyverns
  48 yaks
  4 shadows
  5 basilisks
  A redback (Lair:5)
  A vampire mosquito (D:8)
  3 steam dragons
  2 death yak simulacra (Lair:3)
  16 swamp worms
  3 wargs (Orc:2)
  A two-headed ogre zombie (D:9)
  4 acid dragons
  31 water moccasins
  2 swamp drakes (Swamp:3)
  3 ice beasts
  22 orc warriors
  4 black bears
  12 wolves
  4 ogres
  7 centaurs
  A phantom (D:8)
  5 kobold brigands
  5 bullfrogs
  2 elf skeletons (D:5)
  A wyvern zombie (D:7)
  3 gnoll sergeants
  5 scorpions
  3 water moccasin zombies
  7 wights (D:7)
  32 killer bees
  An electric eel (Lair:3)
  3 howler monkeys
  7 crimson imps (D:8)
  2 lava snakes (D:8)
  2 jellies (D:4)
  A hound (D:5)
  A gnoll bouda (D:4)
  13 orc priests
  A hell rat (Lair:4)
  A human skeleton (D:5)
  Crazy Yiuf (D:2)
  8 iguanas
  26 orc wizards
  A polar bear simulacrum (Lair:3)
  3 killer bee zombies (D:7)
  7 ogre zombies (D:9)
  2 mummies (Ossuary)
  Robin (D:2)
  18 gnolls
  8 adders
  A shadow imp (D:7)
  4 white imps
  3 adder zombies (Ossuary)
  2 dart slugs
  3 worms
  50 orcs
  11 endoplasms
  6 giant cockroaches
  4 gnoll zombies (Ossuary)
  8 hobgoblins
  2 jackals (D:4)
  6 quokkas
  9 ball pythons
  12 bats
  2 frilled lizards
  15 goblins
  4 goblin skeletons (D:9)
  5 goblin zombies (D:9)
  A hobgoblin skeleton (D:9)
  4 hobgoblin zombies
  23 kobolds
  5 kobold zombies (Ossuary)
  3 orc skeletons
  18 orc zombies
  5 rats
811 creatures vanquished.

Vanquished Creatures (collateral kills)
  Nikola (Swamp:4)
  A death drake (Swamp:4)
2 creatures vanquished.

Vanquished Creatures (others)
  An unseen horror (D:13)
  2 bloated husks (Swamp:2)
  An orc wizard (Orc:2)
  An orc (D:9)
  18 foxfires
  90 fungi
  121 plants
  A withered plant (D:7)
235 creatures vanquished.

Grand Total: 1048 creatures vanquished

Notes
Turn   | Place    | Note
-------+----------+-------------------------------------------
     0 | D:1      | retardedninja the Hill Orc Fighter began the quest for the
                  | Orb.
     0 | D:1      | Reached XP level 1. HP: 19/19 MP: 1/1
    54 | D:1      | Reached XP level 2. HP: 27/27 MP: 2/2
   152 | D:1      | Reached skill level 3 in Axes
   471 | D:1      | Reached XP level 3. HP: 33/33 MP: 3/3
   593 | D:1      | Found a faded altar of an unknown god.
   942 | D:2      | Noticed Sigmund
   953 | D:2      | Killed Sigmund
   954 | D:2      | Reached skill level 4 in Axes
   954 | D:2      | Reached XP level 4. HP: 24/41 MP: 4/4
   954 | D:2      | Reached XP level 5. HP: 28/47 MP: 5/5
  1054 | D:2      | Found a hazy altar of Hepliaklqana.
  1247 | D:2      | Identified the +0 robe of Weirdness {rElec rN+++ Regen+
                  | Int-4}
  1333 | D:2      | Noticed Robin
  1352 | D:2      | Killed Robin
  1425 | D:2      | Found a runed translucent door.
  1426 | D:2      | Noticed Crazy Yiuf
  1787 | D:2      | Reached XP level 6. HP: 53/55 MP: 6/6
  1909 | D:2      | Killed Crazy Yiuf
  1910 | D:2      | Reached skill level 5 in Fighting
  2060 | D:3      | Found a glowing golden altar of the Shining One.
  2080 | D:3      | Found a glowing drain.
  2109 | Sewer    | Entered a sewer
  2158 | Sewer    | Noticed a water moccasin
  2166 | Sewer    | Killed a water moccasin
  2167 | Sewer    | Reached skill level 5 in Axes
  2757 | D:3      | Reached skill level 5 in Shields
  2783 | D:3      | Reached skill level 5 in Armour
  2785 | D:3      | Reached XP level 7. HP: 27/61 MP: 7/7
  3178 | D:4      | Found a transporter.
  3187 | D:4      | Noticed Darkkill's ghost (amateur MiHu)
  3791 | D:4      | Found a transporter.
  4005 | D:4      | Reached skill level 6 in Axes
  4088 | D:4      | Found the +1 Delatra's gloves {ID++}
  4252 | D:5      | Entered Level 5 of the Dungeon
  4303 | D:5      | Found a staircase to the Ecumenical Temple.
  4319 | Temple   | Entered the Ecumenical Temple
  4411 | Temple   | Became a worshipper of Gozag Ym Sagoz the Greedy
  4468 | D:5      | Reached XP level 8. HP: 49/71 MP: 8/8
  4741 | D:5      | Found a sand-covered staircase.
  4764 | Ossuary  | Entered an ossuary
  4959 | Ossuary  | Reached skill level 7 in Axes
  5192 | D:5      | Found a runed translucent gate.
  5192 | D:5      | Found a runed translucent gate.
  5193 | D:5      | Found a runed translucent gate.
  5196 | D:5      | Noticed Maxmaps's ghost (novice OgMo)
  5218 | D:5      | Killed Maxmaps's ghost
  6194 | D:6      | Reached XP level 9. HP: 54/80 MP: 9/9
  6600 | D:6      | Identified the +7 dagger "Kioddo" {holy, rF+ rN+ Int+3}
  6609 | D:6      | Reached skill level 8 in Axes
  7117 | D:6      | Identified the +6 short sword "Qeudet" {spect, rElec rN+
                  | Will+}
  8085 | D:7      | Found Zafekynn's Book Boutique.
  8190 | D:7      | Found a transporter.
  8224 | D:7      | Found a transporter.
  8258 | D:7      | Noticed a troll
  8266 | D:7      | Noticed a gargoyle
  8267 | D:7      | Noticed RascalDebosk's ghost (novice DjEE)
  9289 | D:7      | Found Mofokebuni's Jewellery Emporium.
  9297 | D:7      | Bought the amulet of Vaolu {Reflect rN++ Will+ SH+5} for
                  | 637 gold pieces
  9396 | D:7      | Reached skill level 9 in Axes
  9527 | D:7      | Identified the +3 war axe "Pibais" {venom, rElec rF+ Str+3}
  9880 | D:8      | Noticed a hornet
  9884 | D:8      | Paralysed by a hornet for 2 turns
  9891 | D:8      | Killed a hornet
 10103 | D:8      | Reached XP level 10. HP: 91/91 MP: 10/10
 10244 | D:8      | Noticed a centaur warrior
 10245 | D:8      | Noticed a tengu warrior
 10246 | D:8      | Noticed a manticore
 10651 | D:8      | Killed a manticore
 10672 | D:8      | Noticed a two-headed ogre
 10690 | D:8      | Killed a two-headed ogre
 10691 | D:8      | Reached skill level 10 in Axes
 10725 | D:8      | Noticed Gastronok
 10728 | D:8      | Identified the ring of Riaceyfe {Fire +Blink rPois Str+2}
 10728 | D:8      | Noticed a deep elf pyromancer
 10793 | D:8      | Killed a deep elf pyromancer
 10794 | D:8      | Reached skill level 10 in Fighting
 10798 | D:8      | Identified the ring of Casieju {Fly AC+4 Int-5 Dex+4 SInv}
 10822 | D:8      | Killed Gastronok
 10823 | D:8      | Reached skill level 11 in Axes
 10823 | D:8      | Reached XP level 11. HP: 56/101 MP: 11/11
 10841 | D:8      | Noticed a catoblepas
 10850 | D:8      | Killed a catoblepas
 11292 | D:8      | Killed a tengu warrior
 11754 | D:8      | Reached skill level 10 in Shields
 12057 | D:8      | Identified the amulet of Derilume {RegenMP rC+}
 12083 | D:8      | Reached skill level 10 in Armour
 12248 | D:8      | Identified the amulet "Cidou" {Reflect rElec Int+4 SH+5}
 12255 | D:8      | Killed a centaur warrior
 12654 | D:9      | Found Onuz's Jewellery Shoppe.
 12783 | D:9      | Noticed Psyche
 12791 | D:9      | Killed Psyche
 12943 | D:9      | Found a staircase to the Orcish Mines.
 12979 | D:9      | Reached skill level 12 in Axes
 14269 | D:10     | Entered Level 10 of the Dungeon
 14351 | D:10     | Noticed a sun demon
 14361 | D:10     | Reached XP level 12. HP: 109/112 MP: 12/12
 14771 | D:10     | Found a staircase to the Lair.
 14865 | D:10     | Reached skill level 13 in Axes
 15180 | D:10     | Found a glowing silver altar of Zin.
 15180 | D:10     | Noticed an angel
 15370 | D:11     | Noticed a two-headed ogre
 15380 | D:11     | Killed a two-headed ogre
 17122 | D:12     | Noticed a two-headed ogre
 17127 | D:12     | Killed a two-headed ogre
 17463 | D:12     | Noticed Erolcha
 17476 | D:12     | Killed Erolcha
 17477 | D:12     | Reached skill level 14 in Axes
 18518 | D:12     | Found Zias Any's Book Shoppe.
 18630 | D:13     | Reached XP level 13. HP: 98/122 MP: 13/13
 18726 | D:13     | Found a portal to a secret trove of treasure.
 20591 | Lair:1   | Entered Level 1 of the Lair of Beasts
 21034 | Lair:1   | Reached skill level 15 in Axes
 22443 | Lair:2   | You fall into a shaft and drop 2 floors!
 23858 | Lair:1   | Reached XP level 14. HP: 114/133 MP: 14/14
 24122 | Lair:2   | Found a hole to the Spider Nest.
 24644 | Lair:2   | Found a staircase to the Swamp.
 25193 | Lair:3   | Reached skill level 16 in Axes
 25195 | Lair:3   | Reached skill level 15 in Fighting
 25691 | Lair:3   | Noticed Sonja
 25695 | Lair:3   | Killed Sonja
 25905 | Lair:3   | Bought a +1 plate armour of poison resistance for 544 gold
                  | pieces
 27267 | Lair:5   | Entered Level 5 of the Lair of Beasts
 27302 | Lair:5   | Found a staircase to the Slime Pits.
 27313 | Lair:5   | Found a viscous altar of Jiyva.
 27512 | Lair:5   | Reached skill level 17 in Axes
 27512 | Lair:5   | Reached XP level 15. HP: 119/143 MP: 15/15
 28223 | Lair:5   | Reached skill level 15 in Armour
 28223 | Lair:5   | Reached skill level 15 in Shields
 28829 | Lair:5   | Found a runed translucent door.
 30649 | Swamp:1  | Entered Level 1 of the Swamp
 30861 | Orc:1    | Entered Level 1 of the Orcish Mines
 30899 | Orc:1    | Noticed Josephine
 30929 | Orc:1    | Killed Josephine
 31505 | Orc:2    | Entered Level 2 of the Orcish Mines
 31592 | Orc:2    | Reached skill level 18 in Axes
 31644 | Orc:2    | Noticed an orc warlord
 31978 | Orc:2    | Noticed Urug
 31996 | Orc:2    | Killed Urug
 32007 | Orc:2    | Found a roughly hewn altar of Beogh.
 32548 | Orc:2    | Gained mutation: You do not regenerate when monsters are
                  | visible. [a neqoxec]
 32569 | Orc:1    | Killed an orc warlord
 32688 | Orc:2    | Gained mutation: You occasionally lose the ability to read
                  | scrolls when taking damage. [a neqoxec]
 32888 | Orc:2    | Found Jioff's Antique Armour Shop.
 32900 | Orc:2    | Found Juofros's Book Shop.
 32947 | Orc:2    | Bought an encrusted kite shield for 247 gold pieces
 32947 | Orc:2    | Identified the +5 kite shield "Eckuf" {Str+2} (You bought
                  | it in a shop on level 2 of the Orcish Mines)
 32966 | Orc:2    | Found Ineos's Antique Weapon Shop.
 32986 | Orc:2    | Found Nanaogio's General Store.
 33057 | Orc:2    | Found a staircase to the Elven Halls.
 33166 | Orc:2    | Bought a scroll of summoning for 123 gold pieces
 33675 | Swamp:1  | Reached XP level 16. HP: 145/155 MP: 16/16
 35944 | Swamp:3  | Identified the +5 ring mail "Vadoph" {rN+++ Str+3 Stlth-}
 35982 | Swamp:3  | Noticed a thorn hunter
 35999 | Swamp:3  | Killed a thorn hunter
 36294 | Swamp:3  | Reached skill level 19 in Axes
 36605 | Swamp:4  | Entered Level 4 of the Swamp
 36686 | Swamp:4  | Noticed Nikola
 36693 | Swamp:4  | HP: 6/157 [death drake] (17)]
 36696 | Swamp:4  | Killed Nikola
 36699 | Swamp:4  | Lost mutation: You occasionally lose the ability to read
                  | scrolls when taking damage. [potion of mutation]
 36699 | Swamp:4  | Lost mutation: You do not regenerate when monsters are
                  | visible. [potion of mutation]
 36699 | Swamp:4  | Gained mutation: You are vulnerable to heat. (rF-) [potion
                  | of mutation]
 36699 | Swamp:4  | Gained mutation: Your system is resistant to poisons.
                  | (rPois) [potion of mutation]
 36699 | Swamp:4  | Gained mutation: You occasionally lose the ability to read
                  | scrolls when taking damage. [potion of mutation]
 36715 | Swamp:4  | HP: 2/235 [goliath frog (11)]
 36715 | Swamp:4  | Splashed by a goliath frog's acid

Illustrated notes

Levels and vault maps discovered:
D:1:      dpeg_arrival_round_a, layout_basic, basic_ecumenical_altar
D:2:      layout_loops_ring, basic_altar, minmay_misc_feat_tower,
          dreamdust_wishing_well, minmay_misc_feat_five, uniq_sigmund,
          uniq_crazy_yiuf_cottage, uniq_robin
D:3:      layout_basic, mainiacjoe_overflow_concentric_impassable,
          cheibrodos_sewer_entry_drain
D:4:      layout_basic, gammafunk_ghost_abyssal_escape, glass_columns_a,
          skrybe_limestone_x, hangedman_decor_push, minmay_misc_feat_rows,
          kennysheep_cluttered_room, grunt_ministairs_13
D:5:      layout_loops_corners, minmay_temple_entry_drinking_statues,
          ebering_ghost_rock_garden, nicolae_ossuary_entry_catacombs
D:6:      layout_basic, kennysheep_generic_room_5
D:7:      layout_basic, serial_shops, nicolae_square_shop,
          nicolae_lakefront_shop, serial_undead, serial_undead_a,
          serial_undead_a, serial_undead_c, serial_undead_d, nzn_ghost_randoct,
          nicolae_zen_rock_garden, nicolae_water_bricks,
          amcnicky_mini_pool_small
D:8:      minmay_the_grid_triangle_9x9_recursive_2
          [minmay_the_grid_triangle_9x9_prize_special,
          minmay_the_grid_triangle_9x9_warning,
          minmay_the_grid_triangle_9x9_dagger,
          minmay_the_grid_triangle_9x9_checkered], layout_rooms,
          minmay_misc_feat_secret_circle, serial_park_tiny_2,
          kennysheep_diamond, minmay_nine_imps, uniq_gastronok
D:9:      layout_roguey [special_room_bee], zombieorc2_lemuel, serial_shops,
          shop, uniq_psyche
D:10:     layout_stronghold, zin_angel, due_lair_maze_entry_diamond
D:11:     layout_irregular_city
D:12:     layout_roguey, serial_shops, nicolae_shop_crystal, uniq_erolcha
D:13:     layout_roguey, enter_trove_2
Temple:   mainiacjoe_temple_cubbyholes
Lair:1:   layout_long_grid, grunt_megastairs_2
Lair:2:   layout_small_grid, palyth_hydra_swamp_entry,
          hellmonk_spider_entry_not_the_bees, st_stairs_10, grunt_megastairs_3
Lair:3:   layout_loops_ring, portal_ice_cave_entry_ice_simulacra,
          infiniplex_staircase_pool_2, serial_bayou_shore_a,
          lemuel_fruit_fields, uniq_sonja
Lair:4:   layout_regular_city, gauntlet_entry_generic, nzn_random_ring,
          lemuel_fruit_tree
Lair:5:   wormcave, layout_small_grid, hangedman_lair_tendril_chambers,
          slime_entry_1
Swamp:1:  layout_basic_swamp, evilmike_swamp_ruin_house_6
Swamp:2:  layout_basic_swamp, evilmike_swamp_ruin_house_3
Swamp:3:  layout_basic_swamp, evilmike_swamp_ruin_rubble_2
Swamp:4:  swamp, layout_basic_swamp, uniq_mlioglotl, uniq_nikola
Orc:1:    layout_diamond_mine, uniq_josephine
Orc:2:    grunt_orc_cross, layout_diamond_mine

Skill      XL: |  1  2  3  4  5  6  7  8  9 10 11 12 13 14 15 16 |
---------------+-------------------------------------------------+-----
Axes           | 3 4 5 6 7 9 11 12 14 15 17 18 19 | 19.2
Fighting       | 4 5 6 7 9 10 11 13 14 15 17 | 17.9
Armour         | 4 5 6 8 9 10 12 13 14 15 16 | 16.5
Shields        | 4 5 7 8 9 10 12 13 14 15 16 | 16.5

Action                   |  1- 3 |  4- 6 |  7- 9 | 10-12 | 13-15 | 16-18 || total
-------------------------+-------+-------+-------+-------+-------+-------++-------
Melee: War axe           |    44 |   112 |   485 |   765 |  1436 |   304 ||  3146
Throw: Javelin           |    19 |     5 |       |     9 |       |       ||    33
       Throwing net      |       |     2 |       |     1 |       |       ||     3
Invok: Call Merchant     |       |       |       |       |     1 |       ||     1
Evoke: Wand              |       |       |       |     5 |     9 |       ||    14
  Use: Potion            |     1 |     2 |     5 |    11 |     7 |    10 ||    36
       Scroll            |       |       |    11 |     2 |    14 |     4 ||    31
 Stab: Distracted        |       |       |       |     2 |    10 |     1 ||    13
       Petrified         |       |       |       |       |     1 |       ||     1
Armor: Scale mail        |    23 |    90 |    64 |       |       |       ||   177
       Chain mail        |       |       |   238 |   382 |       |       ||   620
       Plate armour      |       |       |       |     5 |   688 |    88 ||   781
       Skin              |       |       |       |       |       |     2 ||     2
Dodge: Dodged            |    15 |    71 |   185 |   183 |   277 |    23 ||   754
Block: Buckler           |    11 |    33 |   126 |   399 |   720 |       ||  1289
       Reflection        |       |       |       |    21 |    20 |    11 ||    52
       Kite shield       |       |       |       |       |    12 |   247 ||   259

Table legend: (Time is in decaauts)
 A = Elapsed time spent in this place.
 B = Non-inter-level travel time spent in this place.
 C = Inter-level travel time spent in this place.
 D = Time resting spent in this place.
 E = Time spent auto-exploring this place.
 F = Levels seen in this place.
 G = Mean time per level.
                   A        B        C        D        E       F      G
               +--------+--------+--------+--------+--------+-----+--------+
         Total |  36353 |  34488 |   1865 |   9482 |  19520 |  27 | 1346.4 |
       Dungeon |  19809 |  18919 |    890 |   5885 |  10111 |  13 | 1523.8 |
        Temple |    141 |     93 |     48 |      0 |     80 |   1 |  141.0 |
          Lair |  10121 |   9387 |    734 |   2207 |   5744 |   5 | 2024.2 |
         Swamp |   3051 |   3012 |     39 |    352 |   2185 |   4 |  762.8 |
  Orcish Mines |   2507 |   2354 |    153 |    681 |   1221 |   2 | 1253.5 |
         Sewer |    472 |    472 |      0 |    357 |     40 |   1 |  472.0 |
       Ossuary |    250 |    250 |      0 |      0 |    138 |   1 |  250.0 |
               +--------+--------+--------+--------+--------+-----+--------+

Top non-repeatable levels by time:
  Lair:5: 3039 daAuts
  Lair:1: 2944 daAuts
     D:8: 2696 daAuts
     D:7: 2580 daAuts
    D:13: 1914 daAuts
     D:9: 1729 daAuts
    D:12: 1723 daAuts
    D:11: 1584 daAuts
  Lair:4: 1472 daAuts
 Swamp:1: 1392 daAuts
  Lair:2: 1389 daAuts
   Orc:2: 1379 daAuts
     D:5: 1359 daAuts
  Lair:3: 1275 daAuts
     D:6: 1236 daAuts
